[Event "Late-Titled-Tuesday-Blitz-September-12-2023"]
[Site "Chess.com"]
[Date "2023.09.12"]
[Round "1"]
[White "lilylg"]
[Black "kleopl"]
[Result "0-1"]
[WhiteElo "2207"]
[BlackElo "2539"]
[TimeControl "180+1"]
[EndTime "14:07:41 PDT"]
[Termination "kleopl won on time"]

1. d4 Nf6 2. c4 e6 3. Nf3 c5 4. d5 b5 5. Nc3 b4 6. Nb1 exd5 7.
cxd5 d6 8. g3 g6 9. Bg2 Bg7 10.
O-O a5 11. e4 O-O 12. Re1 Nfd7 13. Nbd2 Re8 14. Nc4 Qc7 15. Bf4 Bf8 16. e5 Ba6 17.
exd6 Qd8 18. Rxe8 Qxe8 19. Qc2 Qd8 20. Re1 Nf6 21. Nfe5 Nbd7 22. Nc6 Qc8 23. Ne7+ Bxe7 24. dxe7 Bxc4 25. Qxc4 Nb6 26. Qb5 Nbd7 27. Bh3 c4 28. e8=Q+ Nxe8 29. Bxd7 Nc7 30. Qc6 Qa6 31. Bxc7 c3 32. Qxa6 Rxa6 33. bxc3 bxc3 34. Re8+ Kg7 35. Be5+ f6 36. Re7+ Kf8 37. Re8+ Kf7 38. Bxc3 Rd6 39. Bc6 f5 40. Ra8 g5 41. Rxa5 f4 42. Kg2 h5 43.
Ra7+ Kg6 44. Rg7+ Kf5 45. Bd7+ Ke4 46. Re7+ Kxd5 47. Be8 Kc4 48. Be5 Rd3 49. gxf4 h4 0-1

[Event "Late-Titled-Tuesday-Blitz-September-12-2023"]
[Site "Chess.com"]
[Date "2023.09.12"]
[Round "1"]
[White "Firouzja2003"]
[Black "Siemba"]
[Result "1-0"]
[WhiteElo "3079"]
[BlackElo "2503"]
[TimeControl "180+1"]
[EndTime "14:07:42 PDT"]
[Termination "Firouzja2003 won by checkmate"]

1. e4 d5 2. exd5 Nf6 3. d4 Bg4 4. Nf3 Qxd5 5. Be2 Nc6 6. c4 Qf5 7. d5 O-O-O 8. Nh4 Qh5 9. Bxg4+ Nxg4 10. h3 Qe5+ 11. Kf1 Nf6 12. Nf3 Qe4 13. Nbd2 Qd3+ 14. Qe2 Nb4 15. a3 Qxe2+ 16. Kxe2 Na6 17. Ne5 Re8 18. Nxf7 Rg8 19. Ng5 c6 20. dxc6 bxc6 21. b4 e5 22. Bb2 Nc7 23. Nde4 Be7 24. Rad1 h6 25. Nxf6 gxf6 26. Ne4 Ne6 27. g3 Ng5 28. Nxg5 hxg5 29. h4 gxh4 30. Rxh4 Kc7 31. Bc1 Rg7 32. Be3 a5 33. bxa5 Ra8 34. Bb6+ Kb7 35. Rd7+ Ka6 36. Rc7 Bf8 37. Rxc6 Kb7 38. Re6 Rd7 39.
c5 Rc8 40. Rxf6 Be7 41. Rh7 Re8 42. Re6 Kc8 43. c6 Rd2+ 44. Kxd2 Bg5+ 45. f4 Rxe6 46. fxg5 Rxc6 47. Rc7+ Rxc7 48. Bxc7 Kxc7 49. g6 Kd6 50. g7 Kc5 51. g8=Q Kd4 52. Qb3 Ke4 53. Qd3# 1-0

[Event "Late-Titled-Tuesday-Blitz-September-12-2023"]
[Site "Chess.com"]
[Date "2023.09.12"]
[Round "1"]
[White "SergioMoralesG"]
[Black "KaydenTroffChess"]
[Result "0-1"]
[WhiteElo "2406"]
[BlackElo "2742"]
[TimeControl "180+1"]
[EndTime "14:07:42 PDT"]
[Termination "KaydenTroffChess won by checkmate"]

1. d4 Nf6 2. c4 g6 3. Nc3 d5 4. Nf3 Bg7 5. e3 O-O 6. cxd5 Nxd5 7. Bc4 Nxc3 8. bxc3 Nc6 9. O-O b6 10. e4 Na5 11.
Be2 c5 12. e5 cxd4 13. cxd4 Be6 14. Bf4 Rc8 15. Qd2 Nc4 16. Bxc4 Bxc4 17. Rfd1 Bd5 18. Ne1 Qd7 19. Bg3 Rfd8 20. Nc2 Bxg2 21. Kxg2 Qc6+ 22. d5 Qxc2 23. Qxc2 Rxc2 24. a4 Rc5 25. Rac1 Rcxd5 26. Rxd5 Rxd5 27. Rc7 Bxe5 28. Rxa7 Bxg3 29. hxg3 e6 30.
Ra6 Ra5 31. Rxb6 Rxa4 32. Rb7 h5 33. Kh3 Kg7 34. Kg2 g5 35. Rc7 h4 36. gxh4 Rxh4 37. Rb7 Rc4 38. Ra7 Kg6 39. Rb7 Ra4 40.
Rc7 f6 41. Rc6 e5 42. Rb6 Kf5 43. Kf3 Ra3+ 44. Kg2 g4 45. Rb4 Kg5 46. Rc4 f5 47. Rc5 e4 48. Rb5 Kf4 49. Rb8 g3 50. fxg3+ Rxg3+ 51. Kf2 Rh3 52. Rf8 Rh2+ 53. Kg1 Ra2 54. Kf1 Kg4 55. Re8 Kf3 56. Kg1 f4 57. Re7 e3 58.
Re8 e2 59. Kh2 e1=Q+ 60. Kh3 Qg3# 0-1

[Event "Late-Titled-Tuesday-Blitz-September-12-2023"]
[Site "Chess.com"]
[Date "2023.09.12"]
[Round "1"]
[White "Valio_M1948"]
[Black "MathiasCasalaspro"]
[Result "1-0"]
[WhiteElo "2554"]
[BlackElo "2254"]
[TimeControl "180+1"]
[EndTime "14:07:42 PDT"]
[Termination "Valio_M1948 won by checkmate"]

1. d4 Nf6 2. Bg5 g6 3. Bxf6 exf6 4. c4 Bg7 5. Nc3 O-O 6. e3 f5 7. g3 c6 8. Nge2 Re8 9. Bg2 Na6 10. O-O Nc7 11.
b4 d5 12. cxd5 Nxd5 13. Nxd5 cxd5 14. Qb3 Be6 15. Nf4 Rc8 16. Bxd5 Bxd5 17. Nxd5 Qd6 18. Rac1 Bf8 19. a3 Red8 20. Nf4 g5 21. Nd3 Bg7 22. Nc5 Rc7 23. Nd3 Rdc8 24. Rc5 Qg6 25. Rfc1 Rxc5 26. Rxc5 Re8 27. Qa4 Rf8 28. Qb5 a6 29. Qxb7 f4 30. e4 Bxd4 31. Rf5 fxg3 32. hxg3 h6 33. Qd5 Ba7 34. Kg2 Bb6 35. Ne5 Qg7 36. Nd7 Rd8 37. Nf6+ Kh8 38. Qc6 Bd4 39. Nd5 Qf8 40. Qxa6 Bg7 41.
Qc6 Re8 42. Nc7 Rc8 43. Qd7 Rd8 44. Qxf7 Qxf7 45. Rxf7 Rd2 46. Ne6 Ra2 47. Rxg7 Rxa3 48.
Rg6 Kh7 49. Nf8+ Kh8 50. Rxh6+ Kg7 51. Rg6+ Kxf8 52. Rxg5 Rb3 53. Rb5 Kf7 54. f4 Kf6 55. Kh3 Kg6 56. Kg4 Kf6 57. Rb6+ Kf7 58. e5 Kg7 59. f5 Kf7 60. Rb7+ Kf8 61. Kg5 Rxg3+ 62. Kf6 Rh3 63. Rb8# 1-0

[Event "Late-Titled-Tuesday-Blitz-September-12-2023"]
[Site "Chess.com"]
[Date "2023.09.12"]
[Round "1"]
[White "LuisFSiles"]
[Black "Ali_rastbod"]
[Result "0-1"]
[WhiteElo "2376"]
[BlackElo "2703"]
[TimeControl "180+1"]
[EndTime "14:07:43 PDT"]
[Termination "Ali_rastbod won by resignation"]

1. e4 Nc6 2. Nf3 g6 3. d4 Bg7 4. d5 Nb8 5. c4 d6 6. h3 Nf6 7. Nc3 O-O 8. Bd3 c6 9. O-O Nbd7 10. Be3 Nc5 11. Bc2 a5 12. Nd4 Qb6 13. Nb3 Nfd7 14. Nxc5 Nxc5 15. Na4 Qb4 16. Nxc5 dxc5 17. Rb1 Qxc4 18.
Bd3 Qxa2 19. Bxc5 cxd5 20. Qe2 Be6 21. e5 a4 22. Bxe7 Rfe8 23. Bf6 d4 24. Bb5 Rec8 25.
Bxg7 Kxg7 26. f4 a3 27. f5 Bxf5 28. Rxf5 Qxb1+ 29. Rf1 Qxf1+ 30. Qxf1 axb2 31. Qf6+ Kg8 32. Bd3 Rc1+ 33. Kh2 b1=Q 34. Bxb1 Rxb1 35. e6 Rf8 36. exf7+ Rxf7 37. Qd8+ Rf8 38. Qd5+ Kg7 39. Qxd4+ Rf6 40. Qd7+ Kh6 41. Qd2+ g5 42. h4 Rb5 43. Qd4 Rbf5 44.
Qg4 gxh4 45. Qxh4+ Rh5 0-1

[Event "Late-Titled-Tuesday-Blitz-September-12-2023"]
[Site "Chess.com"]
[Date "2023.09.12"]
[Round "1"]
[White "zimmm36"]
[Black "pokochajszachy"]
[Result "0-1"]
[WhiteElo "2644"]
[BlackElo "2368"]
[TimeControl "180+1"]
[EndTime "14:07:46 PDT"]
[Termination "pokochajszachy won by resignation"]

1. c4 c6 2. d4 d5 3. cxd5 cxd5 4. Bg5 Nc6 5. Nc3 a6 6. Nf3 Nf6 7. Bxf6 gxf6 8. e3 Bg4 9. Be2 e6 10. Nd2 Bf5 11. O-O Bd6 12. g3 Rc8 13. Nf3 h5 14.
Nh4 Bg6 15. Bd3 Bxd3 16. Qxd3 f5 17. Ne2 Be7 18. Nxf5 exf5 19. Qxf5 Qd7 20. Qf3 h4 21. Nf4 hxg3 22. hxg3 Rd8 23. Kg2 Bg5 24. Rh1 Rxh1 25.
Rxh1 Bxf4 26. Qxf4 Qe6 27. Kf3 Ke7 28. Rh6 Qe4+ 29.
Qxe4+ dxe4+ 30. Kxe4 Rc8 31. g4 Na5 32. b3 Rc2 33.
Rb6 Rxf2 34. b4 Nc4 35. Rxb7+ Kf8 36. Ra7 Rxa2 37. Kd3 Nd6 38. d5 Ra3+ 39. Ke2 Nc4 40. Ra8+ Kg7 41. Re8 Rb3 42. g5 Rxb4 43. Kd3 Nd6 44.
Rd8 Nb5 45. d6 Rb3+ 46. Kd2 Rb2+ 47. Kd3 Rb1 48. Kd2 Rb2+ 49. Kc1 Rb3 50. Kc2 Rc3+ 51.
Kd2 Rc6 52. d7 Rd6+ 53. Ke2 a5 54. e4 a4 55. g6 a3 56. Rb8 Nc3+ 57. Ke3 Rxd7 58.
Rb3 a2 0-1

[Event "Late-Titled-Tuesday-Blitz-September-12-2023"]
[Site "Chess.com"]
[Date "2023.09.12"]
[Round "1"]
[White "KVAIDAN"]
[Black "noblerone"]
[Result "1-0"]
[WhiteElo "2253"]
[BlackElo "2528"]
[TimeControl "180+1"]
[EndTime "14:07:46 PDT"]
[Termination "KVAIDAN won by checkmate"]

1. f4 c5 2. Nf3 Nc6 3. d3 d5 4. e3 g6 5. Be2 Bg7 6. O-O Nh6 7. e4 dxe4 8. dxe4 Qxd1 9. Rxd1 Bg4 10. c3 O-O 11. Be3 b6 12. Nbd2 Rfd8 13. Bb5 Na5 14. Rac1 Rab8 15. b4 Nb7 16. Nc4 Nd6 17. Nxd6 exd6 18. a4 Be6 19. Ng5 Bb3 20. Re1 Ng4 21.
Bd2 h6 22. Nf3 Rbc8 23. h3 Nf6 24. g4 Ne8 25. Be3 Nc7 26. Bc6 cxb4 27. cxb4 Na6 28. Bb7 Rxc1 29. Rxc1 Nb8 30. a5 Nd7 31. Rc7 bxa5 32.
Bc6 a4 33. Bxd7 a3 34. Nd2 Be6 35. Bxe6 fxe6 36. Rxa7 Bc3 37. Nc4 Bxb4 38. Nxa3 Rc8 39. Nb5 Rc2 40. Nc7 d5 41. Nxe6 dxe4 42. Bd4 Bf8 43.
Ra8 Kf7 44. Nxf8 e3 45. Bxe3 h5 46. gxh5 gxh5 47. f5 Kf6 48. Ra5 h4 49. Bd4+ Kg5 50. f6+ Kf4 51. f7 Kg3 52. Ra3+ Kf4 53. Ne6+ Ke4 54. f8=Q Rc1+ 55. Kg2 Rc2+ 56. Bf2 Kd5 57. Nf4+ Ke4 58. Re3+ Kd4 59. Qd8+ Kc4 60. Qd3+ Kb4 61.
Qb3+ Kc5 62. Qxc2+ Kd4 63. Qc3# 1-0

[Event "Late-Titled-Tuesday-Blitz-September-12-2023"]
[Site "Chess.com"]
[Date "2023.09.12"]
[Round "1"]
[White "Sanan_Sjugirov"]
[Black "Levanzovsky"]
[Result "0-1"]
[WhiteElo "2899"]
[BlackElo "2479"]
[TimeControl "180+1"]
[EndTime "14:07:48 PDT"]
[Termination "Levanzovsky won on time"]

1. e4 g6 2. d4 Nf6 3. Nc3 d5 4. e5 Ne4 5. Nce2 f6 6. f3 Ng5 7. Be3 Nf7 8. f4 c5 9. Nf3 Nc6 10. c3 cxd4 11. cxd4 Bg4 12. Nc3 e6 13. Bb5 fxe5 14.
fxe5 Bh6 15. Bxh6 Nxh6 16. Qd2 Nf5 17. Ng5 Nxd4 18. Qxd4 Qxg5 19. O-O Bf5 20. Qc5 Kf7 21. Bxc6 bxc6 22. Qxc6 Rhc8 23. Qb7+ Kg8 24. Rf2 Qe3 25. Rf1 Rab8 26. Qd7 Qxe5 27. Qxa7 d4 28. Ne2 Rxb2 29.
Nxd4 Rxf2 30. Kxf2 Rd8 31. Nf3 Qb2+ 32. Kg1 Be4 33.
Qe3 Bd5 34. a4 Ra8 35. Qf4 Rf8 36. Qe3 Qb4 37. Ra1 Qa5 38. h3 Bxf3 39. gxf3 Qd5 40. a5 Rxf3 41. Qe2 Qg5+ 0-1

[Event "Late-Titled-Tuesday-Blitz-September-12-2023"]
[Site "Chess.com"]
[Date "2023.09.12"]
[Round "1"]
[White "Piotrek1979"]
[Black "alexrustemov"]
[Result "1-0"]
[WhiteElo "2457"]
[BlackElo "2828"]
[TimeControl "180+1"]
[EndTime "14:07:48 PDT"]
[Termination "Piotrek1979 won on time"]

1. Nf3 d5 2. g3 c6 3. Bg2 Bf5 4. O-O e6 5. d3 h6 6. b3 Nf6 7. Bb2 Be7 8. Nbd2 O-O 9. Ne5 Nbd7 10. e4 Bh7 11. Qe2 Qc7 12. Nxd7 Nxd7 13. f4 Rfe8 14. Kh1 a5 15. a4 dxe4 16. Nxe4 Bxe4 17. dxe4 Rad8 18.
e5 Nc5 19. Rad1 Rxd1 20. Rxd1 Rd8 21. Rd4 Rxd4 22. Bxd4 Nd7 23. Qe3 g6 24. h4 h5 25.
Kh2 Kg7 26. Bf3 Qd8 27. Kg2 Qf8 28. Qc3 Bb4 29. Qe3 Bc5 30. Bxc5 Nxc5 31. Qd4 Qe7 32. Kf2 Kf8 33. Ke3 Ke8 34. Kd2 Nd7 35. Qc3 Qc5 36. Qxc5 Nxc5 37. Ke3 Kd7 38. Bd1 Kc7 39. Kd4 Nd7 40. c3 b6 41. b4 c5+ 42. Kc4 cxb4 43.
cxb4 axb4 44. Bf3 Nc5 45. Kxb4 Nd3+ 46. Kc4 Nc5 47. a5 Na4 48. a6 Kb8 49. Kb5 Nc3+ 50. Kxb6 Na4+ 51. Kc6 Nb2 52. Be2 Na4 53. Kd6 Nc3 54. Bf3 Nb1 55. Ke7 Nd2 56. Bg2 Nc4 57.
Kxf7 Ne3 58. Bh3 Nf5 59. Bxf5 1-0

[Event "Late-Titled-Tuesday-Blitz-September-12-2023"]
[Site "Chess.com"]
[Date "2023.09.12"]
[Round "1"]
[White "Chessdude1987"]
[Black "IlanSchnaider"]
[Result "1-0"]
[WhiteElo "2429"]
[BlackElo "2744"]
[TimeControl "180+1"]
[EndTime "14:07:48 PDT"]
[Termination "Chessdude1987 won on time"]

1. e4 c5 2. Nf3 d6 3. Bc4 Nf6 4. d3 Nc6 5. c3 e6 6. Bb3 Be7 7.
O-O O-O 8. Re1 h6 9. d4 e5 10. h3 b5 11. a4 b4 12. dxc5 dxc5 13.
Qe2 a5 14. Nbd2 Ba6 15. Nc4 Qc7 16. Nh4 Bc8 17. Ne3 Be6 18. Nd5 Qd8 19. Nxe7+ Nxe7 20. Bxe6 fxe6 21. Qc4 Qb6 22. Be3 Rac8 23. b3 bxc3 24. Rac1 Kh7 25. Rxc3 Nd7 26. Rd1 Rfd8 27. Rcd3 Nf6 28.
Rxd8 Rxd8 29. Rxd8 Qxd8 30. Bxc5 Qc7 31. Qb5 Nxe4 32.
Bxe7 Qxe7 33. Nf3 Nf6 34. Nxe5 Nd5 35. Qxa5 Qf6 36. Qe1 Nf4 37. Ng4 Qf5 38. a5 Qd5 39. f3 Nd3 40. Qe4+ Qxe4 41. fxe4 Nc5 42. b4 Na6 43. b5 1-0

[Event "Late-Titled-Tuesday-Blitz-September-12-2023"]
[Site "Chess.com"]
[Date "2023.09.12"]
[Round "1"]
[White "aNaartjieZA"]
[Black "ljm509"]
[Result "0-1"]
[WhiteElo "2577"]
[BlackElo "2375"]
[TimeControl "180+1"]
[EndTime "14:07:51 PDT"]
[Termination "ljm509 won by checkmate"]

1. e4 e6 2. d3 d5 3. Nd2 c5 4. Ngf3 Nc6 5. g3 dxe4 6. dxe4 Nf6 7. Bg2 Be7 8. O-O O-O 9. e5 Nd5 10. Re1 b5 11. Nf1 Bb7 12. h4 Qc7 13. N1h2 Rfd8 14.
Qe2 Nd4 15. Nxd4 cxd4 16. Bg5 a6 17. Nf3 Nb4 18. Bxe7 Qxe7 19. a3 Nc6 20. Rad1 Rd7 21. Ng5 h6 22. Nf3 Rad8 23. Rd3 Na5 24. Red1 Nc4 25.
Rb1 Qc5 26. b4 Qc7 27. Re1 Nb2 28. Rb3 d3 29. cxd3 Nxd3 30. Rf1 Bxf3 31. Qxf3 Nxe5 32. Qe4 Nc4 33. Rc3 Qb6 34. Qf4 Rd4 35. Qc1 Rd2 36. a4 Qd4 37. axb5 axb5 38. Rf3 Ne5 39. Re3 Ng4 40. Rf3 Qxb4 41. Rf4 R2d4 42. Rxd4 Qxd4 43.
Qb1 b4 44. Bf3 Ne5 45. Be2 Qc3 46. Rc1 Qa3 47. Rc5 Ng6 48. h5 Ne7 49. Rb5 Nd5 50. Bc4 Nc3 51. Qxb4 Nxb5 52. Qxb5 Qc1+ 53. Kg2 Qg5 54.
Qb6 Rc8 55. Be2 Qd5+ 56. Bf3 Qc5 57. Qb7 Rd8 58. Be4 f5 59. Bf3 Rd2 60. Qb8+ Kh7 61.
Qe8 Qxf2+ 62. Kh3 Qh2# 0-1

[Event "Late-Titled-Tuesday-Blitz-September-12-2023"]
[Site "Chess.com"]
[Date "2023.09.12"]
[Round "1"]
[White "ElDivis"]
[Black "MikeSailer"]
[Result "1/2-1/2"]
[WhiteElo "2519"]
[BlackElo "2178"]
[TimeControl "180+1"]
[EndTime "14:07:51 PDT"]
[Termination "Game drawn - insufficient material"]

1. Nf3 d5 2. d4 Nf6 3. c4 c6 4. e3 a6 5. Nbd2 Bf5 6. Be2 e6 7.
O-O Bd6 8. b3 O-O 9. Bb2 Nbd7 10. Ne5 h6 11. f4 Ne4 12. Nxe4 Bxe4 13. Bd3 Nf6 14. c5 Bxe5 15. fxe5 Bxd3 16. Qxd3 Ne4 17. Rf4 Qg5 18. Raf1 f6 19. exf6 Rxf6 20. Rxf6 Nxf6 21.
b4 Ne4 22. a4 Rf8 23. Rxf8+ Kxf8 24. Bc1 Qg4 25. b5 axb5 26. axb5 Qf5 27. Qe2 cxb5 28.
Ba3 Kg8 29. Bb4 Kh7 30. Be1 Qf7 31. Qxb5 Qc7 32. Qe2 b6 33. cxb6 Qxb6 34. h3 Qd6 35. Qf3 Qe7 36. Bg3 Nxg3 37. Qxg3 Qf6 38. Kh2 Qf5 39. Qf3 Qxf3 40. gxf3 g5 41. Kg3 h5 42.
h4 gxh4+ 43. Kxh4 Kg6 44. e4 dxe4 45. fxe4 Kh6 46. d5 exd5 47. exd5 Kg6 48. d6 Kf7 49.
Kxh5 Ke6 50. Kh6 Kxd6 1/2-1/2

[Event "Late-Titled-Tuesday-Blitz-September-12-2023"]
[Site "Chess.com"]
[Date "2023.09.12"]
[Round "1"]
[White "dropstoneDP"]
[Black "maksimys18"]
[Result "1-0"]
[WhiteElo "3018"]
[BlackElo "2488"]
[TimeControl "180+1"]
[EndTime "14:07:53 PDT"]
[Termination "dropstoneDP won by checkmate"]

1. e4 e6 2. d4 d5 3. Nd2 Nf6 4. e5 Nfd7 5. f4 c5 6. c3 Nc6 7. Ndf3 f6 8. Bd3 cxd4 9. cxd4 Bb4+ 10. Bd2 O-O 11. Ne2 fxe5 12. fxe5 Rxf3 13. gxf3 Qh4+ 14. Kf1 Qh3+ 15. Kf2 Ndxe5 16. dxe5 Nxe5 17. Nf4 Bc5+ 18. Be3 Qh4+ 19. Ke2 Bxe3 20. Kxe3 d4+ 21. Kd2 Qxf4+ 22. Kc2 Bd7 23. b3 Rc8+ 24. Kb2 Rc3 25. Be4 Nxf3 26.
Bxf3 Rxf3 27. Rc1 Bc6 28. Re1 Rf2+ 29. Rc2 e5 30. Qc1 Rxc2+ 31. Qxc2 e4 32. Qc4+ Kh8 33. Qxd4 Qxh2+ 34. Ka3 h6 35. Rg1 Qc7 36. Rg6 Qe7+ 37. Kb2 e3 38. Rxh6+ Kg8 39. Qc4+ Qf7 40. Rh8+ Kxh8 41.
Qxf7 a5 42. Kc3 a4 43. bxa4 Bxa4 44. Kd3 e2 45. Qh5+ Kg8 46. Kd2 Bd1 47. Qd5+ Kh7 48. Qxb7 Kh6 49. a4 g5 50. a5 Kh5 51. a6 Kh4 52. a7 g4 53. Ke1 g3 54. a8=Q Kh3 55.
Qh1+ Kg4 56. Qaf3+ Kg5 57. Qhh5# 1-0

[Event "Late-Titled-Tuesday-Blitz-September-12-2023"]
[Site "Chess.com"]
[Date "2023.09.12"]
[Round "1"]
[White "sofaceindisguise"]
[Black "wild3000"]
[Result "1-0"]
[WhiteElo "2788"]
[BlackElo "2429"]
[TimeControl "180+1"]
[EndTime "14:07:54 PDT"]
[Termination "sofaceindisguise won on time"]

1. d4 d5 2. c4 e6 3. Nc3 Nf6 4. Nf3 Be7 5. Bf4 O-O 6. e3 c6 7. c5 b6 8. b4 Nbd7 9. Bd3 Re8 10. O-O Nf8 11. h3 Ng6 12. Bh2 Bf8 13. Qc2 bxc5 14. bxc5 Qa5 15. Rab1 Ba6 16. Bxa6 Qxa6 17. Rb3 Nd7 18.
Rfb1 e5 19. Rb7 Rad8 20. Qa4 Qd3 21. R7b3 exd4 22. exd4 Bxc5 23. Nxd5 Qc2 24. Qxc6 Qxa2 25. dxc5 Nf6 26. Nxf6+ gxf6 27. Qxf6 Qxb3 28. Qa1 Qc4 29. Bd6 Re2 30. Rc1 Qe6 31. Qxa7 Rxd6 32. cxd6 Qxd6 33. Rc8+ Kg7 34. Qd4+ Qxd4 35. Nxd4 Re1+ 36. Kh2 Rd1 37. Rd8 Kf6 38. g3 Ra1 39. Kg2 h6 40. Rb8 Ra2 41. Rb6+ Kg7 42. Nf5+ Kh7 43. h4 h5 44. Rb5 Ra7 45. Nd6 Kh6 46. Ne4 Kg7 47. Rxh5 Re7 48. Ng5 Re2 49. Rh7+ Kg8 50. Rxf7 Ne5 51. Re7 Kf8 52.
Re6 Re1 53. Nf3 1-0

[Event "Late-Titled-Tuesday-Blitz-September-12-2023"]
[Site "Chess.com"]
[Date "2023.09.12"]
[Round "1"]
[White "biostatistician"]
[Black "Mbneu"]
[Result "0-1"]
[WhiteElo "2573"]
[BlackElo "2300"]
[TimeControl "180+1"]
[EndTime "14:07:54 PDT"]
[Termination "Mbneu won on time"]

1. d4 Nf6 2. Nf3 c5 3. d5 d6 4.
c4 e6 5. Nc3 exd5 6. cxd5 g6 7.
e4 Bg7 8. h3 O-O 9. Bd3 b5 10.
Nxb5 Re8 11. O-O Nxe4 12. Re1 Nf6 13. Bf4 Rxe1+ 14. Qxe1 Ne8 15. Qe2 Ba6 16. Re1 Bxb5 17. Bxb5 Nc7 18. Bc6 Nxc6 19. dxc6 Ne6 20. Bg3 Qc7 21.
Qe4 Rc8 22. Qa4 Qxc6 23. Qxa7 d5 24. Ne5 Qc7 25. Qxc7 Rxc7 26. b3 Ra7 27. Re2 Nd4 28. Rd2 Re7 29. Nd3 c4 30. bxc4 dxc4 31. Nb4 Re1+ 32.
Kh2 c3 33. Rd3 Rb1 34. Rxc3 h5 35. Rc8+ Kh7 36. Nd5 Ne2 37. h4 Nxg3 38. fxg3 Rb2 39. a4 Be5 40. Rc4 Ra2 41. Nf4 Bxf4 42.
gxf4 Kg7 43. Kg3 Ra3+ 44. Kf2 Kf6 45. Rb4 Kf5 46. Rc4 Kg4 47. g3 Rf3+ 48. Ke2 Rxg3 49. Rc7 f5 50. a5 Ra3 0-1

[Event "Late-Titled-Tuesday-Blitz-September-12-2023"]
[Site "Chess.com"]
[Date "2023.09.12"]
[Round "1"]
[White "Miguelitro69"]
[Black "SCIM"]
[Result "0-1"]
[WhiteElo "2286"]
[BlackElo "2590"]
[TimeControl "180+1"]
[EndTime "14:07:55 PDT"]
[Termination "SCIM won on time"]

1. e4 e5 2. Nf3 Nc6 3. Bb5 a6 4. Ba4 Nf6 5. Qe2 b5 6. Bb3 Be7 7. a4 b4 8. c3 O-O 9. O-O d5 10.
exd5 e4 11. dxc6 Bg4 12. d4 exf3 13. gxf3 Bh3 14. Re1 Bd6 15. Nd2 Nh5 16. Ne4 Nf4 17. Bxf4 Bxf4 18. Ng3 Qf6 19. Qe7 Qxc6 20. Qh4 Qh6 21.
Qxh6 Bxh6 22. Re7 Rab8 23. Bc4 Bf4 24. Bxa6 Bd6 25. Re4 f5 26. Rh4 f4 27. Rxh3 fxg3 28. hxg3 bxc3 29. bxc3 Rxf3 30. Bc4+ Kh8 31. Rc1 Rb2 32.
Rh2 c5 33. a5 Bc7 34. a6 Bb6 35.
d5 h6 36. d6 Rd2 37. Ra1 Ba7 38. Rh5 Rfxf2 39. d7 Rg2+ 40. Kh1 Rgf2 41. Be6 Kh7 42.
c4 g6 43. Rd5 Rh2+ 44. Kg1 Rdg2+ 45. Kf1 Rb2 46. Kg1 Rbg2+ 47. Kf1 Rf2+ 48. Ke1 Rb2 49. Bh3 Rxh3 0-1

[Event "Late-Titled-Tuesday-Blitz-September-12-2023"]
[Site "Chess.com"]
[Date "2023.09.12"]
[Round "1"]
[White "Aslanov_Umid"]
[Black "HrvojeZagreb"]
[Result "1-0"]
[WhiteElo "2567"]
[BlackElo "2278"]
[TimeControl "180+1"]
[EndTime "14:07:55 PDT"]
[Termination "Aslanov_Umid won by resignation"]

1. e4 c5 2. Nf3 a6 3. d4 cxd4 4. Qxd4 Nc6 5. Qd1 Nf6 6. Bd3 d5 7. exd5 Qxd5 8. O-O Bg4 9. Nc3 Bxf3 10. Nxd5 Bxd1 11. Nc7+ Kd8 12. Nxa8 Bg4 13. Nb6 e6 14. Bf4 Bc5 15. Nc4 Ke7 16. Ne5 Nxe5 17. Bxe5 Nd5 18. h3 Bh5 19. a3 f6 20. Bg3 g5 21. b4 Ba7 22. c4 Nf4 23. Bxf4 gxf4 24. c5 f3 25. g4 Bg6 26. Rad1 Bb8 27. Rfe1 Bf4 28.
Bc4 Bf7 29. Re4 Bc7 30. a4 h5 31. Rde1 Be5 32. g5 Bc3 33. R1e3 f5 34. Rh4 Bd2 35. Rxf3 Bxg5 36. Rd4 Bf6 37. Rd1 Be5 38. Re1 Rg8+ 39.
Kf1 Kf6 40. Rfe3 Bf4 41. Rxe6+ Bxe6 42. Rxe6+ Kg5 43. Kg2 Rb8 44. Kf3 Bd2 45. b5 axb5 46.
axb5 Bb4 47. Re5 Kf6 48. Rd5 b6 49. c6 Bc5 50. Bd3 f4 51. Rxh5 Ra8 52. Kxf4 Kg7 53.
Rh7+ Kg8 54. c7 Bxf2 55. Rd7 Bg1 56. Rd8+ Kf7 57. Rxa8 Bh2+ 58. Kf5 Bxc7 59. Ra7 1-0

[Event "Late-Titled-Tuesday-Blitz-September-12-2023"]
[Site "Chess.com"]
[Date "2023.09.12"]
[Round "1"]
[White "malakismayil"]
[Black "jraosam"]
[Result "0-1"]
[WhiteElo "2502"]
[BlackElo "2036"]
[TimeControl "180+1"]
[EndTime "14:07:56 PDT"]
[Termination "jraosam won on time"]

1. e4 c5 2. Nf3 e6 3. c3 Nf6 4. e5 Nd5 5. g3 Nc6 6. Bg2 Qc7 7. Qe2 d6 8. exd6 Bxd6 9. O-O O-O 10. d4 cxd4 11. cxd4 h6 12. Nc3 Nxc3 13. bxc3 b6 14.
Be3 Bb7 15. Rac1 Rac8 16. c4 Na5 17. c5 Be7 18. Bf4 Qd8 19. Rfd1 Bd5 20. Be3 Nc6 21. h4 bxc5 22. dxc5 Qa5 23. Rd2 Nb4 24. Ne5 Bxg2 25.
Kxg2 Bxc5 26. a3 Bxe3 27. Qxe3 Rxc1 28. axb4 Qxb4 29. Rd4 Qb7+ 30. Nf3 Rfc8 31. Rg4 R1c3 32. Qe2 a5 33. Rf4 a4 34. Rxa4 Rb3 35. Rf4 Rcc3 36. h5 Qd5 37. g4 Rd3 38. Kg3 Rbc3 39. Kg2 f6 40. Kg3 Rc4 41. Rxc4 Qxc4 42. Kg2 Qd5 43.
Kg3 e5 44. Qe1 Rxf3+ 0-1

[Event "Late-Titled-Tuesday-Blitz-September-12-2023"]
[Site "Chess.com"]
[Date "2023.09.12"]
[Round "1"]
[White "LoydBlankenship"]
[Black "checkmatequen"]
[Result "0-1"]
[WhiteElo "2623"]
[BlackElo "2367"]
[TimeControl "180+1"]
[EndTime "14:07:57 PDT"]
[Termination "checkmatequen won by resignation"]

1. e4 c6 2. d4 d5 3. Nc3 dxe4 4. Nxe4 Nf6 5. Nxf6+ gxf6 6. c3 Rg8 7. Qc2 f5 8.
Bf4 Na6 9. O-O-O Nc7 10. Nf3 Nd5 11. Bg3 Qa5 12. Kb1 Be6 13. Bd3 O-O-O 14. a3 Nb6 15. c4 Bg7 16. Be2 Na4 17. b4 Qa6 18. Rhe1 Nb6 19.
c5 Nc4 20. Bxc4 Bxc4 21. Kb2 e6 22. Ne5 Bd5 23. f3 f6 24. Nf7 Rd7 25. Nd6+ Kd8 26. Qc3 Bf8 27. Rd2 Bxd6 28. Bxd6 b5 29. Rde2 Kc8 30.
g3 Kb7 31. Rxe6 Bxe6 32. Rxe6 Ka8 33. Qd3 Qc8 34. d5 Rdd8 35. Re7 Rge8 36. Rxh7 Rd7 37. Rh6 Qb7 38. Rxf6 cxd5 39. Rxf5 Rc8 40. Qxd5 Qxd5 41.
Rxd5 Kb7 42. Kc3 Kc6 43. Re5 Rxd6 44. cxd6 Kxd6+ 45. Kd4 Rc4+ 46. Kd3 Kxe5 47. a4 a6 48. axb5 axb5 49. f4+ Kf5 50. Ke3 Rxb4 51. h3 Rb3+ 52. Kf2 b4 53. Kg2 Rc3 54. h4 Kg4 0-1

[Event "Late-Titled-Tuesday-Blitz-September-12-2023"]
[Site "Chess.com"]
[Date "2023.09.12"]
[Round "1"]
[White "Gogolev_Artemy"]
[Black "GothamChess"]
[Result "0-1"]
[WhiteElo "2400"]
[BlackElo "2727"]
[TimeControl "180+1"]
[EndTime "14:07:58 PDT"]
[Termination "GothamChess won by resignation"]

1. d4 g6 2. Bf4 Bg7 3. e3 d6 4. h3 Nc6 5. Nf3 e5 6. Bh2 Nh6 7. Be2 O-O 8. O-O Nf5 9. dxe5 dxe5 10. Nc3 Be6 11. Bb5 f6 12. Qe2 a6 13. Bc4 Qe7 14. Rfd1 Rad8 15. a3 Qf7 16. Bxe6 Qxe6 17.
Nd2 Nd6 18. Nde4 Nxe4 19. Nxe4 Rd5 20. Rxd5 Qxd5 21. Nc3 Qe6 22. Rd1 Rd8 23. Rxd8+ Nxd8 24. Qd3 Nc6 25. Nd5 Qd6 26. c4 Kf7 27. Qb3 b6 28.
Qa4 a5 29. b4 axb4 30. axb4 Ne7 31. e4 Bh6 32. Bg3 Bd2 33. Nxe7 Kxe7 34. b5 h5 35. Qa8 Qd8 36. Qc6 Bg5 37. h4 Bh6 38. f3 Be3+ 39.
Kh2 Qd7 40. Qa8 Qd1 41. Qc6 Qd7 42. Qa8 Bc5 43. Qd5 Qxd5 44. exd5 Bd4 45. f4 Kd6 46. fxe5+ fxe5 47. Be1 Kc5 48. g4 Kxc4 49. gxh5 gxh5 50. d6 cxd6 51. Kg3 Kxb5 52. Bc3 Bxc3 0-1

[Event "Late-Titled-Tuesday-Blitz-September-12-2023"]
[Site "Chess.com"]
[Date "2023.09.12"]
[Round "1"]
[White "Sacbutt"]
[Black "PotapovaM"]
[Result "1-0"]
[WhiteElo "2370"]
[BlackElo "2650"]
[TimeControl "180+1"]
[EndTime "14:07:59 PDT"]
[Termination "Sacbutt won on time"]

1. d4 Nf6 2. c4 g6 3. Nc3 Bg7 4. Nf3 O-O 5. Bg5 d6 6. e3 a6 7. Be2 Nc6 8. O-O Rb8 9. Qc2 Bf5 10. e4 Bg4 11. Rad1 Nd7 12. Be3 Bxf3 13. Bxf3 e5 14. Ne2 exd4 15. Nxd4 Nxd4 16. Bxd4 Bxd4 17. Rxd4 Qf6 18.
Rd2 Rfe8 19. Be2 Nc5 20. f3 Ne6 21. Qc3 Qxc3 22. bxc3 Nc5 23. Rb1 f6 24. Kf2 Kf7 25.
Rdb2 b6 26. Rd2 h5 27. h4 g5 28. Rh1 Kg6 29. Rd5 b5 30. cxb5 axb5 31. g3 Ra8 32. Bxb5 Rxa2+ 33. Ke3 Rb8 34. Bd3 Rbb2 35. hxg5 fxg5 36.
f4 g4 37. Rhxh5 c6 38. Rhg5+ Kf6 39. Rxd6+ Ke7 40. Rxc6 Ne6 41. Re5 Rg2 42. Rexe6+ Kd7 43. Rcd6+ Kc7 44. Rc6+ Kd7 45. f5 Rxg3+ 46. Kd4 Rd2 47.
Rcd6+ Kc7 48. Kc4 Rf3 49. f6 g3 50. Rd5 g2 51. Rg5 Kd7 52. Re7+ Kd6 53. e5+ Kc6 54. Rg6 Rdxd3 55. f7+ 1-0